Map: Acid Plant LE

Players

Snute

  • Race: Zerg Zerg
  • Spawn Location: 5:00

Denver - Winner!

  • Race: Zerg Zerg
  • Spawn Location: 11:00

Event: WCS Valencia 2018

VOD

Have the link to the VOD?

Description

Time

  • Played on: July 12, 2018, 1:23 p.m.
  • Length: 8:27

All games in this series

Show
View Real Time Build Order
Export as new Build Order

Snute Zerg 

Build Orders: Hatch First, Zergling Baneling 

Get SALT Encoding   

  12  0:00  Drone  
  13  0:12  Overlord  
  13  0:17  Drone  
  14  0:30  Drone x2  
  14  0:34  Drone  
  17  0:51  Hatchery  
  17  0:53  Drone  
  17  0:57  Drone  
  17  0:59  Extractor  
  17  1:12  Spawning Pool  
  17  1:15  Drone  
  17  1:18  Drone  
  18  1:28  Drone  
  19  1:38  Overlord  
  19  1:49  Drone  
  20  1:58  Queen  
  20  1:59  Metabolic Boost  
  22  2:02  Queen  
  22  2:03  Drone  
  22  2:06  Drone  
  26  2:11  Drone  
  26  2:13  Drone  
  28  2:21  Zergling x2  
  29  2:24  Zergling x2  
  30  2:32  Zergling x2  
  30  2:35  Drone  
  32  2:42  Hatchery  
  32  2:43  Drone  
  32  2:46  Drone  
  33  2:53  Drone  
  33  2:56  Baneling Nest, Drone  
  34  3:04  Overlord  
  34  3:07  Zergling x2  
  34  3:08  Zergling x2  
  36  3:13  Overlord  
  36  3:23  Zergling x10  
  41  3:29  Extractor, Drone  
  41  3:35  Zergling x2  
  41  3:39  Zergling x6  
  45  3:41  Baneling x2  
  45  3:43  Zergling x6  
  48  3:48  Drone x2  
  48  3:54  Zergling x4  
  51  3:57  Zergling x2  
  51  3:58  Baneling x2  
  51  3:59  Baneling  
  49  4:07  Zergling x4  
  50  4:12  Drone  
  50  4:23  Drone x8  
  55  4:27  Drone  
  55  4:29  Roach Warren  
  55  4:31  Baneling x2, Drone  
  54  4:33  Zergling x2  
  54  4:36  Overlord  
  55  4:41  Evolution Chamber  
  55  4:43  Baneling x2  
  52  4:51  Zergling x4  
  52  4:52  Zergling x4  
  56  4:53  Drone  
  56  4:54  Drone  
  56  4:56  Drone x2  
  56  4:58  Drone  
  56  4:59  Baneling x2  
  60  5:03  Drone x2  
  61  5:07  Lair  
  61  5:10  Extractor, Drone  
  61  5:12  Drone  
  62  5:14  Zerg Missile Weapons Level 1  
  62  5:20  Drone  
  62  5:21  Drone, Queen  
  66  5:25  Overlord  
  65  5:29  Overlord  
  65  5:30  Overlord  
  65  5:33  Drone  
  64  5:41  Roach  
  64  5:42  Overlord  
  65  5:43  Overlord  
  65  5:46  Overlord  
  65  5:48  Drone x4  
  68  5:52  Overlord  
  68  5:53  Roach  
  62  6:07  Drone x5  
  62  6:08  Glial Reconstitution  
  62  6:09  Drone  
  65  6:12  Drone  
  65  6:14  Drone  
  65  6:17  Roach  
  65  6:18  Roach x2  
  73  6:23  Roach  
  73  6:24  Roach  
  75  6:27  Roach  
  75  6:30  Roach  
  79  6:34  Roach x2  
  79  6:36  Roach  
  84  6:40  Roach x3  
  84  6:41  Ravager  
  84  6:46  Roach x3  
  80  6:54  Roach x2  
  84  7:04  Roach  
  86  7:08  Hatchery  
  86  7:10  Roach x2  
  89  7:18  Roach x2  
  89  7:20  Roach  
  89  7:21  Roach  
  97  7:25  Roach  
  97  7:29  Drone  
  101  7:30  Drone x3  
  101  7:32  Extractor, Roach  
  104  7:39  Queen  
  104  7:41  Roach x2  
  110  7:49  Roach x3  
  116  7:56  Roach  
  116  7:57  Roach  
  114  8:01  Roach  
Show
View Real Time Build Order
Export as new Build Order

Denver Zerg - Winner!

Build Orders: Hatch First, Zergling Baneling 

Get SALT Encoding   

  12  0:00  Drone  
  13  0:13  Overlord  
  13  0:17  Drone  
  14  0:31  Drone x2  
  14  0:35  Drone  
  17  0:52  Hatchery  
  17  0:54  Drone  
  17  0:58  Drone  
  18  1:08  Extractor  
  17  1:12  Spawning Pool  
  17  1:16  Drone  
  17  1:20  Drone  
  18  1:29  Drone  
  19  1:40  Overlord  
  19  1:51  Drone  
  20  1:59  Queen  
  20  2:00  Zergling x2  
  23  2:03  Queen  
  23  2:04  Zergling x2  
  23  2:08  Metabolic Boost  
  26  2:12  Drone  
  26  2:15  Drone  
  28  2:23  Drone  
  28  2:29  Drone  
  30  2:36  Hatchery  
  29  2:39  Drone  
  29  2:43  Drone  
  31  2:44  Drone  
  32  2:52  Drone  
  32  2:53  Baneling Nest  
  32  2:55  Drone  
  32  2:57  Zergling x2  
  34  3:04  Queen  
  36  3:08  Overlord  
  36  3:14  Overlord  
  36  3:23  Zergling x2  
  36  3:29  Zergling x12  
  42  3:40  Baneling x2  
  41  3:43  Zergling x8  
  45  3:49  Drone x2  
  45  3:53  Drone  
  47  4:03  Baneling x3  
  47  4:05  Zergling x4  
  47  4:08  Drone  
  47  4:09  Extractor  
  46  4:12  Drone x7  
  52  4:21  Zergling x6  
  52  4:23  Baneling x2  
  54  4:27  Zergling x4  
  55  4:32  Evolution Chamber  
  55  4:35  Baneling x2  
  55  4:36  Baneling  
  55  4:37  Drone  
  55  4:38  Drone x2  
  56  4:53  Drone  
  56  4:54  Overlord  
  56  4:55  Lair  
  56  4:58  Extractor  
  56  4:59  Roach Warren  
  55  5:02  Drone x3  
  56  5:07  Drone  
  56  5:08  Overlord  
  56  5:13  Overlord  
  57  5:16  Drone x5  
  62  5:21  Zerg Missile Weapons Level 1  
  62  5:25  Drone x2  
  62  5:28  Drone x4  
  67  5:32  Zergling x4  
  68  5:37  Zergling x2  
  68  5:40  Zergling x6  
  70  5:45  Zergling x8  
  74  5:54  Zergling x10  
  79  5:58  Glial Reconstitution  
  79  6:00  Drone x2  
  79  6:02  Drone  
  79  6:03  Drone  
  81  6:09  Drone  
  81  6:10  Overlord, Drone  
  81  6:20  Drone  
  81  6:21  Overlord, Drone  
  80  6:27  Overlord x2  
  80  6:31  Extractor  
  79  6:35  Roach x5  
  79  6:38  Hatchery  
  79  6:39  Roach x3  
  92  6:46  Roach x4  
  97  6:50  Roach x2  
  97  6:51  Roach  
  99  6:56  Roach x2  
  99  6:59  Overlord  
  101  7:04  Roach x4  
  101  7:08  Roach x3  
  114  7:11  Overlord  
  114  7:13  Overlord  
  114  7:18  Overlord  
  114  7:21  Roach x2  
  118  7:26  Roach x2  
  118  7:28  Overlord  
  122  7:30  Overlord  
  122  7:31  Roach  
  122  7:36  Roach x3  
  130  7:40  Roach x2  
  134  7:45  Roach x3  
  134  7:46  Roach  
  142  7:57  Roach  
  142  7:58  Roach x6  
  156  8:06  Roach x2  
  156  8:07  Roach  
Tags
 
Add a new tag
Caveats
  • Supply blocks, unpowered buildings, or Contaminate may cause inaccurate times.
  • Supply counts are checked every 10 seconds.